[ AOE2 MATCH · #505084377 ]
UnrankedJapanese vs Turks
Player's team · WIN
Rival team · LOSS
[ REPLAY ANALYSIS · EXTRACTED FROM THE RECORDED GAME ]
Feudal
8:55
Castle
22:45
Imperial
42:47
| APM avg | 142.5 |
| APM peak | 229 |
| eAPM avg | 93.3 |
| Villagers / military | 223 / 307 |
Focus
⚔️ 78.1% · 🌾 21.9%
Spearman ×126 · Cavalry Archer ×77 · Skirmisher ×75 · Militia ×9 · Trebuchet (Packed) ×9 · Battering Ram ×6
Feudal
8:25
Castle
20:40
Imperial
38:08
| APM avg | 82.0 |
| APM peak | 110 |
| eAPM avg | 43.0 |
| Villagers / military | 259 / 339 |
Focus
⚔️ 48.6% · 🌾 51.4%
Scout Cavalry ×227 · Cavalry Archer ×57 · Archer ×34 · Knight ×5 · Mangonel ×5 · Skirmisher ×5
Match map
Initial resources + every placement click. Lines = walls · curves = elevation contours. ◆ gold · ⬟ stone · ● berries · ✦ relic · ◌ wall gap
Your base· Open — 7t gap
Oni.Lewis's base· Open — 4t gap
Smoothed initial terrain · ◌ = detected wall gap · hover for details
Inputs per minute
— VIT | Hera - - Oni.Lewis
Build order — VIT | Hera
First 150 of 719 actions detected
| 0:01 | Create | Villager (Male) |
| 0:01 | Create | Villager (Male) |
| 0:02 | Build | House |
| 0:02 | Build | House |
| 0:11 | Create | Villager (Male) |
| 0:11 | Create | Villager (Male) |
| 1:27 | Create | Villager (Male) |
| 2:00 | Create | Villager (Male) |
| 2:00 | Create | Villager (Male) |
| 2:14 | Create | Villager (Male) |
| 2:16 | Build | Lumber Camp |
| 2:47 | Create | Villager (Male) |
| 3:18 | Create | Villager (Male) |
| 3:18 | Create | Villager (Male) |
| 3:36 | Create | Villager (Male) |
| 3:40 | Create | Villager (Male) |
| 3:41 | Create | Villager (Male) |
| 3:52 | Build | House |
| 4:05 | Create | Villager (Male) |
| 4:17 | Build | Mill |
| 4:35 | Create | Villager (Male) |
| 5:20 | Create | Villager (Male) |
| 5:20 | Create | Villager (Male) |
| 5:30 | Build | House |
| 5:37 | Create | Villager (Male) |
| 5:41 | Create | Villager (Male) |
| 5:41 | Create | Villager (Male) |
| 5:41 | Create | Villager (Male) |
| 6:23 | Build | Barracks |
| 6:45 | Research | Feudal Age |
| 6:45 | Research | Feudal Age |
| 7:06 | Build | House |
| 7:26 | Create | Militia |
| 7:26 | Create | Militia |
| 7:40 | Build | Mining Camp |
| 7:55 | Create | Militia |
| 8:38 | Create | Villager (Male) |
| 8:55 | Research | Loom |
| 8:55 | Age | Feudal Age |
| 8:57 | Research | Double-Bit Axe |
| 8:58 | Research | Double-Bit Axe |
| 9:15 | Research | Horse Collar |
| 9:15 | Research | Horse Collar |
| 9:16 | Create | Villager (Male) |
| 9:24 | Research | Man-at-Arms (upgrade) |
| 9:24 | Research | Man-at-Arms (upgrade) |
| 9:39 | Create | Villager (Male) |
| 9:51 | Build | Archery Range |
| 10:14 | Create | Villager (Male) |
| 10:21 | Create | Villager (Male) |
| 10:36 | Create | Archer |
| 10:42 | Build | House |
| 11:01 | Build | Blacksmith |
| 11:02 | Build | Palisade Wall |
| 11:03 | Build | Palisade Wall |
| 11:09 | Create | Villager (Male) |
| 11:11 | Build | Farm |
| 11:14 | Create | Skirmisher |
| 11:22 | Build | Farm |
| 11:25 | Build | Farm |
| 11:29 | Create | Villager (Male) |
| 11:30 | Create | Militia |
| 11:35 | Create | Skirmisher |
| 11:46 | Build | House |
| 11:47 | Build | House |
| 11:56 | Create | Skirmisher |
| 11:58 | Build | Farm |
| 11:59 | Create | Villager (Male) |
| 12:13 | Create | Militia |
| 12:15 | Build | Farm |
| 12:30 | Build | House |
| 12:34 | Build | House |
| 12:56 | Create | Villager (Male) |
| 12:58 | Build | House |
| 13:01 | Build | Farm |
| 13:02 | Build | Farm |
| 13:07 | Build | Farm |
| 13:16 | Research | Fletching |
| 13:16 | Research | Fletching |
| 13:26 | Create | Villager (Male) |
| 13:28 | Build | Palisade Wall |
| 13:33 | Build | Farm |
| 13:36 | Build | Farm |
| 13:48 | Build | Farm |
| 13:49 | Create | Villager (Male) |
| 13:58 | Build | Farm |
| 14:04 | Create | Skirmisher |
| 14:06 | Create | Militia |
| 14:21 | Create | Villager (Male) |
| 14:28 | Build | Farm |
| 14:35 | Create | Villager (Male) |
| 14:41 | Build | Farm |
| 14:48 | Create | Villager (Male) |
| 14:50 | Build | House |
| 14:51 | Build | House |
| 14:54 | Build | House |
| 14:59 | Research | Padded Archer Armor |
| 14:59 | Research | Padded Archer Armor |
| 15:02 | Create | Militia |
| 15:03 | Create | Skirmisher |
| 15:14 | Create | Villager (Male) |
| 15:15 | Create | Skirmisher |
| 15:33 | Build | Farm |
| 15:39 | Create | Villager (Male) |
| 15:41 | Create | Militia |
| 15:48 | Build | Lumber Camp |
| 16:00 | Create | Skirmisher |
| 16:02 | Create | Villager (Male) |
| 16:05 | Create | Militia |
| 16:12 | Build | Farm |
| 16:24 | Create | Skirmisher |
| 16:39 | Create | Villager (Male) |
| 16:40 | Create | Skirmisher |
| 16:42 | Build | Farm |
| 16:51 | Create | Villager (Male) |
| 16:56 | Create | Villager (Male) |
| 17:01 | Build | Farm |
| 17:04 | Build | Farm |
| 17:09 | Create | Villager (Male) |
| 17:27 | Build | Farm |
| 17:29 | Build | Farm |
| 17:31 | Build | Farm |
| 17:44 | Create | Villager (Male) |
| 17:53 | Create | Villager (Male) |
| 18:05 | Build | Farm |
| 18:21 | Research | Wheelbarrow |
| 18:21 | Research | Wheelbarrow |
| 18:23 | Build | Farm |
| 19:19 | Create | Villager (Male) |
| 20:05 | Research | Castle Age |
| 20:05 | Research | Castle Age |
| 20:05 | Create | Skirmisher |
| 20:30 | Create | Skirmisher |
| 20:45 | Build | Archery Range |
| 20:47 | Build | House |
| 20:48 | Build | Palisade Wall |
| 20:58 | Create | Skirmisher |
| 21:04 | Research | Gold Mining |
| 21:10 | Create | Skirmisher |
| 21:21 | Build | Archery Range |
| 21:44 | Build | House |
| 21:47 | Create | Skirmisher |
| 21:57 | Build | House |
| 22:03 | Build | House |
| 22:10 | Create | Skirmisher |
| 22:11 | Create | Skirmisher |
| 22:13 | Build | House |
| 22:20 | Build | Palisade Wall |
| 22:23 | Build | House |
| 22:24 | Build | House |
Build order — Oni.Lewis
First 150 of 952 actions detected
| 0:00 | Create | Villager (Male) |
| 0:00 | Create | Villager (Male) |
| 0:02 | Build | House |
| 0:03 | Build | House |
| 0:06 | Create | Villager (Male) |
| 0:09 | Create | Villager (Male) |
| 1:27 | Create | Villager (Male) |
| 1:49 | Create | Villager (Male) |
| 2:11 | Build | Lumber Camp |
| 2:14 | Create | Villager (Male) |
| 2:41 | Create | Villager (Male) |
| 2:59 | Create | Villager (Male) |
| 3:15 | Create | Villager (Male) |
| 3:18 | Build | House |
| 3:30 | Create | Villager (Male) |
| 4:00 | Create | Villager (Male) |
| 4:27 | Create | Villager (Male) |
| 4:29 | Build | Mill |
| 4:40 | Create | Villager (Male) |
| 4:47 | Create | Villager (Male) |
| 5:46 | Research | Loom |
| 6:12 | Research | Feudal Age |
| 6:42 | Build | House |
| 7:20 | Create | Villager (Male) |
| 7:42 | Build | Barracks |
| 8:07 | Create | Villager (Male) |
| 8:25 | Age | Feudal Age |
| 8:27 | Research | Double-Bit Axe |
| 8:32 | Create | Villager (Male) |
| 8:37 | Build | Archery Range |
| 8:40 | Create | Villager (Male) |
| 8:46 | Create | Villager (Male) |
| 8:48 | Build | Palisade Wall |
| 8:49 | Build | Palisade Wall |
| 8:50 | Build | Palisade Wall |
| 8:53 | Build | Palisade Wall |
| 8:53 | Build | Palisade Wall |
| 8:54 | Build | Palisade Wall |
| 8:55 | Build | Palisade Wall |
| 8:56 | Build | Palisade Wall |
| 8:58 | Create | Villager (Male) |
| 9:08 | Build | Palisade Wall |
| 9:10 | Build | Palisade Wall |
| 9:12 | Build | Mining Camp |
| 9:17 | Build | Palisade Wall |
| 9:24 | Build | Palisade Wall |
| 9:25 | Create | Archer |
| 9:41 | Build | Farm |
| 9:52 | Create | Villager (Male) |
| 9:56 | Build | House |
| 9:59 | Create | Archer |
| 10:18 | Build | House |
| 10:20 | Create | Archer |
| 10:32 | Build | House |
| 10:36 | Create | Villager (Male) |
| 10:41 | Build | Farm |
| 10:43 | Build | Farm |
| 10:48 | Create | Archer |
| 10:51 | Create | Villager (Male) |
| 11:07 | Create | Villager (Male) |
| 11:08 | Build | Farm |
| 11:09 | Build | Farm |
| 11:10 | Create | Villager (Male) |
| 11:16 | Create | Archer |
| 11:18 | Create | Villager (Male) |
| 11:23 | Build | Palisade Wall |
| 11:31 | Create | Villager (Male) |
| 11:41 | Build | Blacksmith |
| 11:55 | Create | Villager (Male) |
| 12:00 | Build | Farm |
| 12:08 | Create | Archer |
| 12:14 | Create | Villager (Male) |
| 12:22 | Create | Archer |
| 12:27 | Create | Villager (Male) |
| 12:40 | Create | Villager (Male) |
| 12:41 | Build | House |
| 12:41 | Research | Fletching |
| 12:59 | Build | Farm |
| 13:01 | Create | Villager (Male) |
| 13:02 | Build | Farm |
| 13:06 | Create | Archer |
| 13:23 | Create | Villager (Male) |
| 13:24 | Build | Farm |
| 13:29 | Build | Palisade Wall |
| 13:30 | Build | Palisade Wall |
| 13:31 | Build | Palisade Wall |
| 13:35 | Build | Palisade Wall |
| 13:40 | Build | Palisade Wall |
| 13:41 | Create | Villager (Male) |
| 13:47 | Build | Farm |
| 13:56 | Create | Archer |
| 14:11 | Build | House |
| 14:24 | Create | Villager (Male) |
| 14:29 | Create | Skirmisher |
| 14:30 | Create | Villager (Male) |
| 14:37 | Create | Skirmisher |
| 14:40 | Create | Skirmisher |
| 14:49 | Build | Palisade Wall |
| 14:50 | Build | House |
| 14:51 | Create | Villager (Male) |
| 14:54 | Build | House |
| 14:54 | Build | House |
| 15:02 | Create | Villager (Male) |
| 15:05 | Create | Skirmisher |
| 15:13 | Create | Skirmisher |
| 15:15 | Create | Villager (Male) |
| 15:34 | Build | Farm |
| 15:36 | Build | Farm |
| 15:42 | Create | Villager (Male) |
| 15:43 | Build | House |
| 15:46 | Create | Archer |
| 15:46 | Create | Archer |
| 15:53 | Create | Archer |
| 16:08 | Create | Villager (Male) |
| 16:23 | Create | Archer |
| 16:37 | Build | Lumber Camp |
| 16:37 | Create | Villager (Male) |
| 16:42 | Build | House |
| 16:49 | Create | Archer |
| 16:53 | Build | Palisade Wall |
| 16:58 | Create | Villager (Male) |
| 17:07 | Build | Market |
| 17:11 | Create | Villager (Male) |
| 17:18 | Create | Villager (Male) |
| 17:29 | Create | Archer |
| 17:50 | Create | Villager (Male) |
| 17:54 | Build | Stable |
| 17:57 | Build | House |
| 18:00 | Research | Castle Age |
| 18:13 | Build | Palisade Wall |
| 18:14 | Create | Archer |
| 18:21 | Research | Gold Mining |
| 18:22 | Create | Archer |
| 18:39 | Build | House |
| 18:45 | Create | Scout Cavalry |
| 18:46 | Create | Archer |
| 19:04 | Create | Scout Cavalry |
| 19:05 | Build | Farm |
| 19:30 | Build | Farm |
| 19:34 | Build | Palisade Wall |
| 19:35 | Create | Villager (Male) |
| 20:17 | Create | Archer |
| 20:23 | Create | Scout Cavalry |
| 20:38 | Create | Scout Cavalry |
| 20:40 | Create | Villager (Male) |
| 20:40 | Age | Castle Age |
| 20:40 | Build | Farm |
| 20:42 | Build | Farm |
| 20:48 | Research | Crossbowman (upgrade) |
| 21:02 | Build | Town Center |
Match timeline
| 6:23 | VIT | Hera · first_building Barracks |
| 7:42 | Oni.Lewis · first_building Barracks |
| 8:25 | Oni.Lewis · age_up feudal |
| 8:37 | Oni.Lewis · first_building Archery Range |
| 8:48 | Oni.Lewis · wall_segment Palisade Wall x1 |
| 8:49 | Oni.Lewis · wall_segment Palisade Wall x1 |
| 8:50 | Oni.Lewis · wall_segment Palisade Wall x1 |
| 8:53 | Oni.Lewis · wall_segment Palisade Wall x1 |
| 8:53 | Oni.Lewis · wall_segment Palisade Wall x1 |
| 8:54 | Oni.Lewis · wall_segment Palisade Wall x1 |
| 8:55 | VIT | Hera · age_up feudal |
| 8:55 | Oni.Lewis · wall_segment Palisade Wall x1 |
| 8:56 | Oni.Lewis · wall_segment Palisade Wall x1 |
| 9:08 | Oni.Lewis · wall_segment Palisade Wall x1 |
| 9:10 | Oni.Lewis · wall_segment Palisade Wall x1 |
| 9:17 | Oni.Lewis · wall_segment Palisade Wall x1 |
| 9:24 | Oni.Lewis · wall_segment Palisade Wall x1 |
| 9:51 | VIT | Hera · first_building Archery Range |
| 11:02 | VIT | Hera · wall_segment Palisade Wall x4 |
| 11:03 | VIT | Hera · wall_segment Palisade Wall x1 |
| 11:23 | Oni.Lewis · wall_segment Palisade Wall x1 |
| 13:28 | VIT | Hera · wall_segment Palisade Wall x1 |
| 13:29 | Oni.Lewis · wall_segment Palisade Wall x1 |
| 13:30 | Oni.Lewis · wall_segment Palisade Wall x1 |
| 13:31 | Oni.Lewis · wall_segment Palisade Wall x1 |
| 13:35 | Oni.Lewis · wall_segment Palisade Wall x4 |
| 13:40 | Oni.Lewis · wall_segment Palisade Wall x8 |
| 14:49 | Oni.Lewis · wall_segment Palisade Wall x1 |
| 16:53 | Oni.Lewis · wall_segment Palisade Wall x1 |
| 17:54 | Oni.Lewis · first_building Stable |
| 18:00 | Oni.Lewis · first_market_buy 100 food |
| 18:13 | Oni.Lewis · wall_segment Palisade Wall x1 |
| 19:34 | Oni.Lewis · wall_segment Palisade Wall x1 |
| 20:40 | Oni.Lewis · age_up castle |
| 20:48 | VIT | Hera · wall_segment Palisade Wall x10 |
| 22:20 | VIT | Hera · wall_segment Palisade Wall x1 |
| 22:45 | VIT | Hera · age_up castle |
| 23:02 | VIT | Hera · wall_segment Palisade Wall x1 |
| 23:55 | Oni.Lewis · first_building Siege Workshop |
| 26:15 | VIT | Hera · first_building Monastery |
| 27:20 | VIT | Hera · first_building Stable |
| 27:28 | Oni.Lewis · first_market_sell 100 stone |
| 30:53 | VIT | Hera · first_market_sell 100 wood |
| 33:54 | VIT | Hera · first_building Castle |
| 34:26 | VIT | Hera · first_market_buy 100 stone |
| 34:44 | VIT | Hera · first_building Siege Workshop |
| 35:36 | Oni.Lewis · first_building Castle |
| 38:08 | Oni.Lewis · age_up imperial |
| 42:47 | VIT | Hera · age_up imperial |
| 44:56 | VIT | Hera · wall_segment Palisade Wall x1 |
| 44:58 | VIT | Hera · wall_segment Palisade Wall x2 |
| 53:10 | VIT | Hera · wall_segment Stone Wall x9 |
| 53:13 | VIT | Hera · wall_segment Stone Wall x9 |
| 53:14 | VIT | Hera · wall_segment Stone Wall x1 |
| 53:19 | VIT | Hera · wall_segment Stone Wall x11 |
| 53:20 | VIT | Hera · wall_segment Stone Wall x1 |
| 57:57 | Oni.Lewis · resign |
[ AI ANALYSIS · 1 CREDIT ]
What really happened in this match?
Wolo.gg analyzes every decision: build order, eco, micro, common mistakes by bracket. Personalized analysis on WhatsApp or Discord in 30 seconds.
Civ guide
Japanese
Perfil
Jugador #199325